AoeStats
← Comend x comend

Socotra

506787772Analyzed
4v4 RM · 17d ago on Sep 15, 2026· 39m 43s· 8 players
Game mode
Random Map
Map size
148×148
Population
200
Speed
Normal
Resources
Standard
Victory
Conquest
Starting age
Dark Age
Ending age
Imperial Age
RankedLock teamsTeams togetherTeam positionsShared explorationLock speedFull tech treeHidden civsTurbo modeCheats
Victory
Defeat
🇮🇳 Ethiopians · India
1415
+8
🇺🇸 Koreans · United States
1376
+9
🇵🇪 Persians · Peru
1369
+9
🇨🇦 Shu · Canada
1357
+10
🇨🇦 Magyars · Canada
1320
-13
🇵🇦 Sicilians · Panama
1221
-9
🇵🇦 Magyars · Panama
1199
-8
🇵🇦 Ethiopians · Panama
1125
-6
CSA_HW_Mercer
6:20 Loom
10:23 Feudal Age
15:17 Fletching
22:14 Padded Archer Armor
26:11 Castle Age
24:54 Gold Mining
26:07 Double-Bit Axe
26:14 Crossbowman
26:57 Bodkin Arrow
28:54 Thumb Ring
31:44 Wheelbarrow
31:33 Leather Archer Armor
33:06 Thumb Ring
35:15 Bow Saw
40:32 Ballistics
Returned_Legend
2:10 Loom
10:01 Feudal Age
10:29 Horse Collar
10:36 Double-Bit Axe
17:06 Forging
19:05 Scale Barding Armor
24:39 Wheelbarrow
27:44 Castle Age
25:40 Town Watch
25:47 Gold Mining
27:45 Light Cavalry
28:27 Husbandry
28:50 Chain Barding Armor
29:05 Iron Casting
28:42 Bow Saw
28:34 Heavy Plow
31:20 Hand Cart
31:57 Gold Shaft Mining
FreakinGorkha
6:01 Loom
8:51 Feudal Age
12:16 Fletching
17:22 Double-Bit Axe
22:54 Castle Age
21:01 Gold Mining
23:08 Horse Collar
22:56 Crossbowman
23:32 Bodkin Arrow
25:39 Padded Archer Armor
26:39 Ballistics
27:16 Wheelbarrow
33:25 Town Watch
36:19 Bow Saw
37:40 Thumb Ring
Comend x comend
4:44 Loom
10:49 Feudal Age
16:04 Castle Age
15:11 Double-Bit Axe
15:07 Horse Collar
17:55 Bow Saw
18:13 Bloodlines
29:35 Forging
29:30 Scale Barding Armor
30:08 Scale Barding Armor
30:08 Gold Mining
31:01 Husbandry
33:03 Town Watch
34:15 Wheelbarrow
35:21 Iron Casting
35:06 Chain Barding Armor
35:29 Hand Cart
40:15 Chain Barding Armor
OnlyFarms
3:53 Loom
10:30 Feudal Age
11:08 Double-Bit Axe
20:02 Fletching
21:47 Scale Mail Armor
25:32 Castle Age
27:03 Forging
27:48 Bodkin Arrow
29:40 Bloodlines
30:34 Husbandry
hlezcano91
6:49 Loom
11:27 Feudal Age
12:06 Double-Bit Axe
15:35 Fletching
15:45 Padded Archer Armor
22:46 Wheelbarrow
26:21 Castle Age
24:56 Horse Collar
25:11 Gold Mining
27:16 Bow Saw
26:29 Crossbowman
27:05 Bodkin Arrow
27:26 Leather Archer Armor
27:20 Thumb Ring
31:44 Ballistics
34:52 Hand Cart
Chitreano
7:18 Loom
9:39 Feudal Age
22:43 Castle Age
21:14 Horse Collar
21:22 Double-Bit Axe
21:29 Gold Mining
22:18 Scale Barding Armor
22:33 Bloodlines
25:47 Husbandry
30:34 Gold Shaft Mining
30:16 Stone Mining
30:30 Heavy Plow
30:43 Bow Saw
35:56 Pikeman
TrueDisplay
7:01 Loom
9:25 Feudal Age
18:14 Scale Barding Armor
23:27 Castle Age
21:42 Gold Mining
22:24 Bloodlines
24:52 Chain Barding Armor
27:41 Husbandry
Connection lost

Rejoining the realm…

Still unreachable

The connection could not be restored.

Session expired

The server has moved on; the page needs a fresh start.